 Dungeon Crawl Stone Soup version 0.21.1-1-g345015f (webtiles) character file.

271 Mirai the Sneak (level 6, -2/39 HPs)
             Began as a Halfling Assassin on Feb 28, 2018.
             Was a Follower of Dithmenos.
             Slain by a goblin (6 damage)
             ... led by Robin
             ... on level 4 of the Dungeon.
             The game lasted 00:20:10 (2595 turns).

Mirai the Sneak (Halfling Assassin)                 Turns: 2595, Time: 00:20:11

Health: -2/39      AC:  6    Str:  7 (10) XL:     6   Next: 47%
Magic:  6/6        EV: 20    Int:  6 (9)  God:    Dithmenos [*.....]
Gold:   125        SH:  0    Dex: 21 (23) Spells: 5/5 levels left

rFire    . . .     SeeInvis .   u - +1 dagger (venom)
rCold    . . .     Gourm    .   (shield restricted)
rNeg     . . .     Faith    .   L - +1 leather armour
rPois    .         Spirit   .   h - +0 helmet
rElec    .         Reflect  .   d - +0 cloak
rCorr    .         Harm     .   (no gloves)
MR       .....                  (no boots)
Stlth    ++++++....             (no amulet)
HPRegen  0.13/turn              n - ring of stealth
MPRegen  0.10/turn              (no ring)

@: agile, hasted, wreathed by umbra, very quick
A: small, mutation resistance 2, weak 1
a: Renounce Religion


You were on level 4 of the Dungeon.
You worshipped Dithmenos.
Dithmenos was aware of your devotion.
You were hungry.

You visited 1 branch of the dungeon, and saw 4 of its levels.

You collected 125 gold pieces.

Inventory:

Hand Weapons
 b - a +0 blowgun
 u - a +1 dagger of venom (weapon)
Missiles
 e - 8 poisoned needles
 f - 2 curare-tipped needles
Armour
 d - a +0 cloak (worn)
 h - a +0 helmet (worn)
 i - a cursed +0 leather armour
 L - a +1 leather armour (worn)
Jewellery
 n - a ring of stealth (left hand)
Wands
 r - a wand of disintegration (13)
Scrolls
 j - a scroll of immolation {unknown}
 k - 3 scrolls of remove curse
 l - 2 scrolls of identify
 m - a scroll of blinking {unknown}
 p - 2 scrolls of amnesia {unknown}
Potions
 o - a potion of agility
 A - a potion of curing
 E - a potion of degeneration
Comestibles
 a - 3 chunks of flesh
 g - 3 rations


   Skills:
 + Level 2.1 Fighting
 * Level 4.8 Short Blades
 - Level 2.0 Throwing
 * Level 2.1 Armour
 * Level 2.9 Dodging
 + Level 5.8 Stealth


You had 5 spell levels left.
You didn't know any spells.

Dungeon Overview and Level Annotations

Branches:
Dungeon (4/15)
 Temple: D:4-7

Altars:
Ashenzari
Dithmenos
Nemelex Xobeh
Ru
Wu Jian
Zin


Innate Abilities, Weirdness & Mutations

You are small and have problems with some larger weapons.
You are somewhat resistant to both further mutation and mutation removal.
You are weak. (Str -2)


Message History

Robin is almost dead.
Robin closely misses you.
You closely miss Robin.
Robin is almost dead.
The goblin completely misses you.
You hit Robin but do no damage.
Robin looks as sick as possible!
Robin is almost dead.
Robin completely misses you.
You hit Robin.
Robin is almost dead.
You kill Robin!
Dithmenos accepts your kill. The goblin hits you.
* * * LOW HITPOINT WARNING * * *
You hit the goblin.
The goblin is poisoned.
The goblin is heavily wounded.
You barely miss the goblin.
The goblin is heavily wounded.
The goblin hits you.
You die...

######...#..........
.............####...
######.####..# #.# ##.#
######.# ###.####..
##.....###........>.
.....####..#..######
##.#...........#######
##.##......###.)@g)..#
#.....####.# #..####.#.
...#######.####........
##.# #.................
#.# #...........gg...g
##.# #.............g>..
##.# #..............g.g
...# #..........#####gg
..## #..........# .#


You could see a goblin.

Vanquished Creatures
  A scorpion (D:4)
  An orc wizard (D:3)
  A worker ant (D:4)
  Robin (D:4)
  6 adders
  An ooze (D:3)
  3 worms
  2 dart slugs
  A leopard gecko (D:1)
  2 orcs
  A ball python (D:3)
  2 giant cockroaches
  15 goblins
  11 hobgoblins
  7 jackals
  3 quokkas
  8 bats
  6 frilled lizards
  11 kobolds
  A leopard gecko skeleton (D:4)
  4 rats
88 creatures vanquished.

Notes
Turn   | Place    | Note
-------+----------+-------------------------------------------
     0 | D:1      | Mirai the Halfling Assassin began the quest for the Orb.
     0 | D:1      | Reached XP level 1. HP: 14/14 MP: 1/1
   148 | D:1      | Reached XP level 2. HP: 19/19 MP: 2/2
   484 | D:1      | Reached XP level 3. HP: 20/24 MP: 3/3
   560 | D:1      | Reached skill level 5 in Stealth
   838 | D:2      | Found a shattered altar of Ashenzari.
   965 | D:2      | Reached XP level 4. HP: 20/29 MP: 4/4
   969 | D:2      | Found a glowing silver altar of Zin.
  1268 | D:2      | Found a shadowy altar of Dithmenos.
  1328 | D:2      | Became a worshipper of Dithmenos the Shadowed
  1583 | D:2      | Found an ornate altar of the Wu Jian Council.
  1732 | D:3      | Found a sacrificial altar of Ru.
  1753 | D:3      | Reached XP level 5. HP: 23/34 MP: 5/5
  1771 | D:3      | Reached skill level 1 in Armour
  2327 | D:4      | Reached XP level 6. HP: 39/39 MP: 6/6
  2487 | D:4      | Found a sparkling altar of Nemelex Xobeh.
  2535 | D:4      | Noticed Robin
  2548 | D:4      | Reached * piety under Dithmenos
  2574 | D:4      | Gained mutation: You are weak. (Str -2) [potion of mutation]
  2574 | D:4      | Gained mutation: You are somewhat resistant to both further mutation and mutation removal. [potion of mutation]
  2593 | D:4      | Killed Robin
  2595 | D:4      | Slain by a goblin

Skill      XL: |  1  2  3  4  5  6 |
---------------+-------------------+-----
Short Blades   | 3 4 |  4.8
Stealth        | 5 |  5.8
Fighting       | 2 |  2.1
Dodging        | 2 |  2.9
Armour         | 1 2 |  2.1
Throwing       | |  2.0

Action                   |  1- 3 |  4- 6 || total
-------------------------+-------+-------++-------
Melee: Dagger            |   121 |   149 ||   270
  Use: Scroll            |       |     4 ||     4
       Potion            |       |     4 ||     4
 Stab: Sleeping          |     7 |    14 ||    21
       Invisible         |       |     1 ||     1
  Eat: Chunk             |       |     5 ||     5
Armor: Robe              |    27 |     9 ||    36
       Leather armour    |       |    15 ||    15
       Ring mail         |       |     6 ||     6
Dodge: Dodged            |    96 |    91 ||   187
